 Dungeon Crawl Stone Soup version 0.31-a0-246-g8cbcc1cb85 (webtiles) character file.

Game seed: 5429783674202421375

469 Iniera the Covert (level 6, -3/32 HPs)
             Began as a Vampire Venom Mage on July 13, 2023.
             Slain by a sleepcap (6 damage)
             ... on level 4 of the Dungeon.
             The game lasted 00:04:24 (3848 turns).

Iniera the Covert (Vampire Venom Mage)              Turns: 3848, Time: 00:04:24

Health: -3/32      AC:  4    Str:  5 (6)  XL:     6   Next: 82%
Magic:  9/9        EV: 12    Int: 18      God:
Gold:   207        SH:  0    Dex: 19      Spells: 3/9 levels left

rFire   . . .        l - +0 short sword
rCold   + + .        (no shield)
rNeg    + + +        a - +0 robe
rPois   ∞            (no helmet)
rElec   .            m - +1 cloak {rPois}
rCorr   .            (no gloves)
SInv    +            (no boots)
Will    .....        (no amulet)
Stlth   +++++++      (no ring)
HPRegen 0.00/turn    (no ring)
MPRegen 0.11/turn

%: no passive effects
@: bloodless, inhibited regen
A: bloodless, fangs 3, see invisible, vampiric 2, agile 1, deterioration 1
a: Bat Form, Revivify


You were on level 4 of the Dungeon.
You visited 1 branch of the dungeon, and saw 4 of its levels.

You collected 207 gold pieces.

Inventory:

Hand Weapons
 l - a +0 short sword (weapon)
Armour
 a - a +0 robe (worn)
 m - a +1 cloak of poison resistance (worn)
Jewellery
 c - a ring of wizardry
 o - a ring of wizardry
Scrolls
 h - a scroll of amnesia {unknown}
 i - a scroll of teleportation {unknown}
 n - a scroll of identify
Potions
 b - a potion of magic
 d - a potion of heal wounds
 e - a potion of cancellation {unknown}
 f - a potion of curing
 g - a potion of enlightenment {unknown}
 j - a potion of degeneration {unknown}
 k - a potion of brilliance {unknown}


   Skills:
 + Level 4.3 Short Blades
 - Level 2.1 Dodging
 * Level 9.6 Stealth
 - Level 2.0 Spellcasting
 - Level 1.1 Transmutations
 - Level 2.6 Poison Magic


You had 3 spell levels left.
You knew the following spells:

 Your Spells              Type           Power      Damage    Failure   Level
a - Sting                 Tmut/Pois      32%        1d4       9%          1
b - Poisonous Vapours     Pois/Air       12%        N/A       16%         2
c - Mephitic Cloud        Conj/Pois/Air  5%         N/A       36%         3

Your spell library contained the following spells:

 Spells                   Type           Power      Damage    Failure   Level
 Foxfire                  Conj/Fire      4%         2x1d4     19%         1
 Hailstorm                Conj/Ice       1%         3d3       47%         3
 Olgreb's Toxic Radiance  Pois           11%        N/A       52%         4
 Passage of Golubria      Tloc           1%         N/A       87%         4
 Summon Ice Beast         Ice/Summ       1%         N/A       87%         4
 Silence                  Hex/Air        0%         N/A       99%         5
 Plasma Beam              Fire/Air       0%         2x1d10    100%        6
 Simulacrum               Ice/Necr       0%         N/A       100%        6
 Starburst                Conj/Fire      0%         6d3       100%        6
 Lehudib's Crystal Spear  Conj/Erth      0%         10d2      100%        8


Dungeon Overview and Level Annotations

Branches:
Dungeon (4/15)
 Temple: D:4-7

Altars:
Trog


Innate Abilities, Weirdness & Mutations

You do not regenerate when monsters are visible.
You are frail without blood (-20% HP).
You can heal yourself when you bite living creatures.
You are immune to poison.
You have razor-sharp teeth.
You have supernaturally acute eyesight. (SInv)
You are afflicted with vampirism and can become a bat while bloodless.
You are agile. (Dex +4, Str/Int -1)
Your body sometimes deteriorates upon taking damage.


Message History

The kobold is heavily wounded.
You hit the kobold.
You kill the kobold!
You hit the sleepcap. You bite the sleepcap.
The sleepcap is lightly damaged.
The sleepcap releases spores at you.
Your body deteriorates!
You feel weakened.
You hit the sleepcap.
You bite the sleepcap, but do no damage.
The sleepcap is lightly damaged.
The sleepcap releases spores at you.
You hit the sleepcap but do no damage.
The sleepcap is lightly damaged.
The sleepcap releases spores at you.
You hit the sleepcap.
The sleepcap is moderately damaged.
You hit the sleepcap.
The sleepcap is moderately damaged.
The sleepcap misses you.
You hit the sleepcap but do no damage.
The sleepcap is moderately damaged.
The sleepcap releases spores at you.
* * * LOW HITPOINT WARNING * * *
You hit the sleepcap but do no damage.
The sleepcap is moderately damaged.
The sleepcap barely misses you.
You hit the sleepcap but do no damage.
The sleepcap is moderately damaged.
The sleepcap releases spores at you.
* * * LOW HITPOINT WARNING * * *
You hit the sleepcap.
The sleepcap is heavily damaged.
You hit the sleepcap.
The sleepcap is severely damaged.
The sleepcap barely misses you.
You hit the sleepcap but do no damage.
You bite the sleepcap, but do no damage.
The sleepcap is severely damaged.
The sleepcap releases spores at you.
You die...

### #.##.#.# ..# #......# #>..#
#.# ####.### ##... #.# #)..# ...
#.# #...# ##.###### #.# #...#
##....... # #.# #####)..#####
#......# ...
#.###.......>...####..#.#.#.....
#...<...........@fJo............
.####...........####....#.#.....
.# #####...##### #........ ...
.# #...# #.####.### # .# #...#
#.: ... .# #...# #.# #### .#
##.## #.# .# ######†# #.# ##
#......#


You could see a sleepcap, an orc (fast) and an endoplasm.

Vanquished Creatures
  Sigmund (D:2)
  A scorpion (D:4)
  4 hounds
  Crazy Yiuf (D:3)
  3 adders
  3 worms (D:2)
  A dart slug (D:1)
  2 orcs (D:4)
  3 bats
  9 endoplasms
  3 giant cockroaches
  6 goblins
  10 hobgoblins
  4 jackals (D:3)
  3 kobolds
  6 quokkas
  5 ball pythons
  4 frilled lizards
  2 rats
71 creatures vanquished.

Notes
Turn   | Place    | Note
-------+----------+-------------------------------------------
     0 | D:1      | Iniera the Vampire Venom Mage began the quest for the Orb.
     0 | D:1      | Reached XP level 1. HP: 13/13 MP: 3/3
   252 | D:1      | Reached XP level 2. HP: 19/19 MP: 3/5
   359 | D:1      | Reached skill level 4 in Stealth
   600 | D:1      | Reached skill level 1 in Short Blades
  1234 | D:2      | Reached skill level 5 in Stealth
  1234 | D:2      | Gained mutation: You are afflicted with vampirism and can
                  | become a bat while bloodless. [Vampire growth]
  1234 | D:2      | Reached XP level 3. HP: 14/24 MP: 0/6
  1395 | D:2      | Found a bloodstained altar of Trog.
  1551 | D:2      | Noticed Sigmund
  1560 | D:2      | Learned a level 2 spell: Poisonous Vapours
  1564 | D:2      | Learned a level 3 spell: Mephitic Cloud
  1620 | D:2      | Gained mutation: You are agile. (Dex +4, Str/Int -1)
                  | [potion of mutation]
  1620 | D:2      | Gained mutation: Your body sometimes deteriorates upon
                  | taking damage. [potion of mutation]
  1622 | D:2      | Killed Sigmund
  1623 | D:2      | Reached skill level 7 in Stealth
  1623 | D:2      | Reached XP level 4. HP: 30/30 MP: 1/7
  1623 | D:2      | Reached XP level 5. HP: 35/35 MP: 1/8
  2059 | D:3      | Reached skill level 8 in Stealth
  2694 | D:3      | Reached XP level 6. HP: 11/41 MP: 3/9
  2920 | D:3      | Found a runed translucent door.
  2921 | D:3      | Noticed Crazy Yiuf
  3161 | D:3      | Killed Crazy Yiuf
  3343 | D:4      | Reached skill level 9 in Stealth
  3848 | D:4      | Slain by a sleepcap

Illustrated notes

Levels and vault maps discovered:
D:1:      dpeg_arrival_morbid_curiosity, layout_basic
D:2:      layout_basic, basic_altar, uniq_sigmund
D:3:      layout_basic, uniq_crazy_yiuf_cottage
D:4:      layout_loops_cross

Skill      XL: |  1  2  3  4  5  6 |
---------------+-------------------+-----
Stealth        | 5 7 8 9 |  9.6
Short Blades   | 1 3 4 |  4.3
Dodging        | |  2.1
Spellcasting   | |  2.0
Transmutations | |  1.1
Poison Magic   | |  2.6

Action                     |  1- 3 |  4- 6 || total
---------------------------+-------+-------++-------
  Melee: Unarmed           |    20 |       ||    20
         Bite              |     7 |    23 ||    30
         Punch             |     1 |     1 ||     2
         Short sword       |    33 |   147 ||   180
   Cast: Sting             |    42 |    37 ||    79
         Poisonous Vapours |     5 |       ||     5
Ability: Exsanguinate      |       |     1 ||     1
    Use: Scroll            |     4 |     2 ||     6
         Potion            |     2 |     1 ||     3
   Stab: Sleeping          |       |     8 ||     8
 Armour: Robe              |    11 |    47 ||    58
  Dodge: Dodged            |    49 |   135 ||   184

Table legend: (Time is in decaauts)
 A = Elapsed time spent in this place.
 B = Non-inter-level travel time spent in this place.
 C = Inter-level travel time spent in this place.
 D = Time resting spent in this place.
 E = Time spent auto-exploring this place.
 F = Levels seen in this place.
 G = Mean time per level.
                   A        B        C        D        E       F      G
               +--------+--------+--------+--------+--------+-----+--------+
         Total |   3816 |   3709 |    107 |    147 |   2901 |   4 |  954.0 |
       Dungeon |   3816 |   3709 |    107 |    147 |   2901 |   4 |  954.0 |
               +--------+--------+--------+--------+--------+-----+--------+

Top non-repeatable levels by time:
     D:3: 1216 daAuts
     D:1: 1138 daAuts
     D:2: 850 daAuts
     D:4: 611 daAuts
